cohdb
Replays
Latest Replays
All Replays
Popular Replays
Top Player Replays
Match Explorer
How It Works
Community
CoH3 Stats
Reddit
Sign in to upload your games and track your stats! →
Sign in with Steam
Match 45530310
Unlisted
Match 45530310
Overview
Messages
Build Orders
End
Engineer Squad
Construct Barracks
Selects Heavy Weapons
1⁄4-ton 4x4 Truck
Riflemen Squad
Riflemen Squad
Grenade Package
Riflemen Squad
Construct Medical Station
Construct Medical Station
Mechanized Support Center
Construct Motor Pool
Selects M2HB .50cal Heavy Machine Gun
Selects Assault Carriers
M3 75 mm Gun Motor Carriage
Riflemen Squad
M1 Mortar Team
Sierra39
Mistmoon
Salva99
crywo1f
뗑구
V4rangian
0
0
Comments
sign in to comment!
No comments posted yet!